 Dungeon Crawl Stone Soup version 0.29.1-2-gbd0b4ee654 (webtiles) character file.

Game seed: 3273323467826627108

303 kingsuperguy the Cudgeller (level 6, -1/61 HPs)
             Began as a Troll Monk on Nov 15, 2022.
             Was a Follower of Ru.
             Slain by a black bear (4 damage)
             ... on level 5 of the Dungeon.
             The game lasted 00:14:36 (3379 turns).

kingsuperguy the Cudgeller (Troll Monk)             Turns: 3379, Time: 00:14:37

Health: -1/61      AC: -10   Str: 28    XL:     6   Next: 15%
Magic:  5/5        EV: 10    Int:  6    God:    Ru [*.....]
Gold:   190        SH:  0    Dex: 12    Spells: 4/5 levels left

rFire   . . .      SeeInvis .   a - +1 mace
rCold   . . .      Faith    .   (no shield)
rNeg    . . .      Spirit   .   b - +1 robe
rPois   .          Reflect  .   (helmet restricted)
rElec   .          Harm     .   u - +0 cloak
rCorr   .          Rampage  .   (gloves unavailable)
Will    .....                   (boots unavailable)
Stlth   ++........              (no amulet)
HPRegen 1.00/turn               f - +6 ring of strength
MPRegen 0.09/turn               (no ring)

@: corroded
A: large, unfitting armour, claws 3, regeneration 1, shaggy fur 1, tough skin 1,
no conjurations magic, no hexes magic, no poison magic
a: Renounce Religion


You were on level 5 of the Dungeon.
You worshipped Ru.
Ru was aware of your devotion.
You visited 2 branches of the dungeon, and saw 7 of its levels.

You collected 190 gold pieces.

Inventory:

Hand Weapons
 a - a +1 mace (weapon)
 e - a +0 scythe
 o - a +0 dagger
 q - a +0 battleaxe
 A - a +0 long sword
Missiles
 g - 29 stones (quivered)
 j - 2 throwing nets
 y - 4 atropa-tipped darts
Armour
 b - a +1 robe (worn)
 d - a +0 cloak
 k - a +0 buckler
 m - a +0 ring mail
 u - a +0 cloak (worn)
Jewellery
 f - a +6 ring of strength (left claw)
 r - an amulet of guardian spirit
 t - an amulet of reflection
Wands
 p - a wand of mindburst (12)
Scrolls
 h - 4 scrolls of identify
 l - 2 scrolls of noise
 n - a scroll of acquirement {unknown}
 s - 2 scrolls of vulnerability
 v - a scroll of teleportation
 w - a scroll of enchant weapon
Potions
 c - a potion of brilliance
 i - a potion of cancellation {unknown}


   Skills:
 + Level 3.1 Fighting
 + Level 4.3 Maces & Flails
 + Level 3.7 Dodging
 + Level 1.8 Stealth


You had 4 spell levels left.
You knew the following spells:

 Your Spells              Type           Power      Damage    Failure   Level
a - Necrotise             Necr           0%         1d4       45%         1

Your spell library contained the following spells:

 Spells                   Type           Power      Damage    Failure   Level
 Vampiric Draining        Necr           0%         2d6       83%         3
 Agony                    Necr           0%         N/A       100%        5


Dungeon Overview and Level Annotations

Branches:
Dungeon (6/15)             Temple (1/1) D:5

Altars:
Ashenzari
Dithmenos
Elyvilon
Fedhas
Hepliaklqana
Kikubaaqudgha
Makhleb
Nemelex Xobeh
Qazlal
Ru
Sif Muna
Trog
Wu Jian
Xom
Zin
The Shining One

Shops:
D:1 [


Innate Abilities, Weirdness & Mutations

You are too large for most types of armour.
You have claws for hands.
Your natural rate of healing is unusually fast.
You are covered in fur. (AC +1)
You have tough skin. (AC +1)
You cannot study or cast Conjurations magic.
You cannot study or cast Hexes magic.
You cannot study or cast Poison magic.


Message History

The orc hits you with a +0 dagger. The orc attacks as you move away!
The orc closely misses you.
The orc priest shouts!
The orc closely misses you.
There is a stone staircase leading down here.
You hit the orc but do no damage. The orc barely misses you.
The orc shouts!
You hit the orc.
The orc is almost dead.
The orc hits you with a +0 dagger.
You hit the orc but do no damage.
The orc is almost dead.
The orc hits you with a +0 dagger.
You can't go up here!
The orc closely misses you. The orc hits you with a +0 dagger.
You climb downwards.
The black bear bites you. The black bear claws you. x2
There is a stone staircase leading up here.
The orc attacks as you move away! The orc barely misses you.
The black bear attacks as you move away!
The black bear barely misses you. The black bear claws you. x2
The shadow imp gestures at you. Pain shoots through your body!
The black bear attacks as you move away!
You redirect the black bear's attack!
The black bear bites the orc.
The orc dies!
The shadow imp hits you. The orc hits you with a +0 short sword.
The black bear attacks as you move away!
The black bear bites you!
* * * LOW HITPOINT WARNING * * *
The black bear closely misses you. The black bear claws you.
* * * LOW HITPOINT WARNING * * *
The orc attacks as you move away! The orc hits you with a +0 short sword.
* * * LOW HITPOINT WARNING * * *
The black bear attacks as you move away!
The black bear bites you!
* * * LOW HITPOINT WARNING * * *
The black bear closely misses you. The black bear claws you.
You die...

...# #.....# ...#
#.....#
...#########.<)..#
###..............#
..#..............#
..'..............#
..#.............5#
#$..........
..#............oh#
#...........
..##########....@#
#........... ..##...
#.....# #...........
...... #.....#
#........... ......
+.....# #.....).....
..## #.....#
#........... ..#
#.....#####.......[...
..##
#.....................
...#
#.....................
...#
#.....................


You could see a black bear, a shadow imp and an orc.

Vanquished Creatures
  Sigmund (D:2)
  An orc priest (D:3)
  A jelly (D:4)
  Robin (D:2)
  A gnoll (D:1)
  2 adders
  7 orcs
  3 ball pythons
  2 endoplasms (D:1)
  6 giant cockroaches
  5 goblins
  4 hobgoblins (D:2)
  A quokka (D:2)
  2 bats
  2 frilled lizards
  A kobold (D:1)
  5 rats
45 creatures vanquished.

Vanquished Creatures (others)
  An orc (D:5)
  A goblin (D:2)
  4 fungi (D:2)
  4 plants (D:2)
10 creatures vanquished.

Grand Total: 55 creatures vanquished

Notes
Turn   | Place    | Note
-------+----------+-------------------------------------------
     0 | D:1      | kingsuperguy the Troll Monk began the quest for the Orb.
     0 | D:1      | Reached XP level 1. HP: 22/22 MP: 0/0
    55 | D:1      | Reached XP level 2. HP: 16/29 MP: 1/1
    90 | D:1      | Found Xischunk's Antique Armour Emporium.
   323 | D:2      | Found a faded altar of an unknown god.
   451 | D:2      | Noticed Robin
   460 | D:2      | Reached skill level 3 in Maces & Flails
   483 | D:2      | HP: 1/29 [Robin/+0 falchion (7)]
   499 | D:2      | Killed Robin
   500 | D:2      | Reached XP level 3. HP: 28/36 MP: 2/2
   658 | D:2      | Noticed Sigmund
   927 | D:2      | You fall into a shaft and drop 1 floor!
  1739 | D:3      | You fall into a shaft and drop 2 floors!
  1739 | D:5      | Entered Level 5 of the Dungeon
  1739 | D:5      | Found a staircase to the Ecumenical Temple.
  1775 | Temple   | Entered the Ecumenical Temple
  1920 | Temple   | Became a worshipper of Ru the Awakened
  1921 | Temple   | Gained mutation: You cannot study or cast Poison magic. [Ru
                  | sacrifice]
  1921 | Temple   | Gained mutation: You cannot study or cast Hexes magic. [Ru
                  | sacrifice]
  1921 | Temple   | Gained mutation: You cannot study or cast Conjurations
                  | magic. [Ru sacrifice]
  1921 | Temple   | Reached * piety under Ru
  2064 | Temple   | Learned a level 1 spell: Necrotise
  2242 | D:5      | Found a shadowy altar of Dithmenos.
  2276 | D:5      | Noticed a black bear
  2285 | D:6      | Noticed a water moccasin
  2371 | D:4      | Reached XP level 4. HP: 32/44 MP: 3/3
  2704 | D:2      | Killed Sigmund
  2705 | D:2      | Reached skill level 4 in Maces & Flails
  2705 | D:2      | Reached XP level 5. HP: 6/53 MP: 4/4
  2705 | D:2      | Reached XP level 6. HP: 7/61 MP: 5/5
  3379 | D:5      | HP: 3/61 [black bear (8)]
  3379 | D:5      | Slain by a black bear

Illustrated notes

Levels and vault maps discovered:
D:1:      nzn_arrival_settlement, layout_basic, serial_shops, shop
D:2:      layout_basic, shapermc_ecumenical_altar_mp_urbaneastern,
          minmay_tiny_reverse_x, uniq_sigmund, uniq_robin
D:3:      layout_loops_cross
D:4:      layout_basic, lemuel_doored_altar
D:5:      layout_gridville, nicolae_overflow_crystal_walls,
          okawaru_metal_pillars_1_2, temple_pool_b, grunt_decor_one_mirror,
          sigmund_army
D:6:      layout_loops_ring, mainiacjoe_overflow_tiny_flanked,
          mainiacjoe_overflow_brackets, serial_shops, nicolae_shop_waterfront,
          minmay_misc_feat_pillars, nrook_mini_vaults
Temple:   regret_index_temple_generic_petals

Skill      XL: |  1  2  3  4 |
---------------+-------------+-----
Maces & Flails | 3 4 |  4.3
Dodging        | 3 |  3.7
Fighting       | 3 |  3.1
Stealth        | |  1.8

Action                   |  1- 3 |  4- 6 || total
-------------------------+-------+-------++-------
Melee: Mace              |   130 |    44 ||   174
       Punch             |     2 |       ||     2
Throw: Stone             |     1 |       ||     1
Invok: Sacrifice Arcana  |     1 |       ||     1
Evoke: Wand              |       |     1 ||     1
  Use: Potion            |     8 |       ||     8
       Scroll            |     4 |     4 ||     8
 Stab: Sleeping          |     2 |     1 ||     3
       Invisible         |     1 |       ||     1
Armor: Robe              |    65 |    16 ||    81
       Skin              |    14 |       ||    14
Dodge: Dodged            |    90 |    17 ||   107
